AoeStats
← EnriquePrz6876

Scandinavia

510934646Analyzed
1v1 RM · 11h ago on Oct 3, 2026· 24m 2s· 2 players
Game mode
Random Map
Map size
Tiny (2 player)
Population
200
Speed
Normal
Resources
Standard
Victory
Conquest
Starting age
Dark Age
Ending age
Imperial Age
RankedLock teamsTeams togetherTeam positionsShared explorationLock speedFull tech treeHidden civsTurbo modeCheats
Victory
Defeat
🇨🇴 Celts · Colombia
641
+16
🇲🇽 Magyars · Mexico
644
-16
Lord_Pollo04
8:25 Loom
10:41 Feudal Age
11:05 Man-at-Arms
12:52 Scale Mail Armor
13:03 Forging
13:17 Double-Bit Axe
17:26 Arson
18:41 Horse Collar
21:36 Castle Age
20:21 Arson
20:57 Gold Mining
21:54 Long Swordsman
22:20 Gambesons
23:32 Iron Casting
EnriquePrz6876
9:25 Feudal Age
17:09 Double-Bit Axe
21:34 Padded Archer Armor
Connection lost

Rejoining the realm…

Still unreachable

The connection could not be restored.

Session expired

The server has moved on; the page needs a fresh start.